 Dungeon Crawl Stone Soup version 0.20-a0-640-g62ed22f (webtiles) character file.

14375 DevlanMud the Martial Artist (level 11, -1/91 HPs)
             Began as a Demonspawn Monk on Feb 13, 2017.
             Was a Priest of Uskayaw.
             Slain by an unseen horror (5 damage)
             ... on level 10 of the Dungeon.
             The game lasted 00:34:10 (12198 turns).

DevlanMud the Martial Artist (Demonspawn Monk)     Turns: 12198, Time: 00:34:11

Health: -1/91      AC: 11    Str: 20    XL:     11   Next: 87%
Magic:  0/28       EV: 16    Int: 11    God:    Uskayaw [***...]
Gold:   525        SH:  0    Dex: 22    Spells: 14/21 levels left

rFire    . . .     SeeInvis .     - Unarmed
rCold    . . .     Gourm    .   g - +0 ring mail
rNeg     . . .     Faith    .   (no shield)
rPois    .         Spirit   +   w - +2 hat {MR+}
rElec    .         Reflect  .   u - +0 cloak
rCorr    .         Harm     .   (no gloves)
MR       +....     Clarity  +   (no boots)
Stlth    ++........             (no amulet)
Regen    0.3/turn               B - ring of magical power
MPRegen  0.5/turn               a - +4 ring of dexterity

@: mighty
A: claws 2, hooves 1, icy blue scales 1, agile 1, clarity, robust 1, magic
shield, magic regeneration
a: Stomp, Line Pass, Renounce Religion


You were on level 10 of the Dungeon.
You worshipped Uskayaw.
Uskayaw was noncommittal.
You were not hungry.

You visited 2 branches of the dungeon, and saw 11 of its levels.

You collected 525 gold pieces.

Inventory:

Hand Weapons
 D - a +2 hand axe of flaming
Armour
 g - a +0 ring mail (worn)
 t - a +0 pair of boots
 u - a +0 cloak (worn)
 w - a +2 hat of magic resistance (worn)
Jewellery
 a - a +4 ring of dexterity (left claw)
 B - a ring of magical power (right claw)
Wands
 p - a wand of lightning (0/15)
 y - a wand of acid (9/15)
 A - a wand of acid (0/15)
 F - a wand of lightning (8/15)
 I - a wand of paralysis (13/24)
Scrolls
 b - 11 scrolls of identify
 d - 7 scrolls of remove curse
 e - 2 scrolls of fear
 f - 2 scrolls of immolation
 h - a scroll of amnesia
 i - 7 scrolls of teleportation
 m - a scroll of recharging
 n - 5 scrolls of enchant weapon
 r - a scroll of blinking {unknown}
 s - a scroll of magic mapping
 v - a scroll of noise {unknown}
 z - a scroll of enchant armour
Potions
 H - a potion of ambrosia {unknown}
Books
 o - a book of Necromancy

   Spells                             Type                      Level
   a - Pain                           Necromancy                   1
   b - Animate Skeleton               Necromancy                   1
   c - Vampiric Draining              Necromancy                   3
   d - Regeneration                   Charms/Necromancy            3
   e - Animate Dead                   Necromancy                   4
   f - Control Undead                 Necromancy                   4
 x - a book of Air

   Spells                             Type                      Level
   a - Shock                          Conjuration/Air              1
   b - Swiftness                      Charms/Air                   2
   c - Static Discharge               Conjuration/Air              3
   d - Airstrike                      Air                          4
   e - Lightning Bolt                 Conjuration/Air              5
 G - a book of Minor Magic

   Spells                             Type                      Level
   a - Magic Dart                     Conjuration                  1
   b - Blink                          Translocation                2
   c - Call Imp                       Summoning                    2
   d - Slow                           Hexes                        2
   e - Conjure Flame                  Conjuration/Fire             3
   f - Mephitic Cloud                 Conjuration/Poison/Air       3
Comestibles
 c - 6 bread rations
 l - 6 meat rations
 q - 16 fruits
 C - 4 chunks of flesh
 E - a royal jelly


   Skills:
 + Level 6.6 Fighting
   Level 3.4 Maces & Flails
 + Level 5.3 Armour
 + Level 6.1 Dodging
 - Level 1.7 Stealth
 + Level 10.5 Unarmed Combat
 - Level 5.6 Spellcasting
 - Level 5.7 Charms
 - Level 6.7 Necromancy
 + Level 1.0 Translocations
 + Level 6.2 Invocations
 - Level 2.1 Evocations


You had 14 spell levels left.
You knew the following spells:

 Your Spells              Type           Power        Failure   Level  Hunger
a - Regeneration          Chrm/Necr      ###.......   10%         3    ###....
b - Swiftness             Chrm/Air       #.......     17%         2    ##.....
c - Blink                 Tloc           N/A          38%         2    ##.....


Dungeon Overview and Level Annotations

Branches:
Dungeon (10/15)            Temple (1/1) D:7            Lair (0/6) D:9
    Orc (0/2) D:10

Altars:
Ashenzari
Cheibriados
Dithmenos
Elyvilon
Fedhas
Gozag
Hepliaklqana
Kikubaaqudgha
Makhleb
Nemelex Xobeh
Okawaru
Qazlal
Ru
Sif Muna
Trog
Uskayaw
Vehumet
Xom
Yredelemnul
Zin
The Shining One


Innate Abilities, Weirdness & Mutations

You have very sharp fingernails.
You are partially covered in icy blue scales. (AC +2)
When hurt, damage is shared between your health and your magic reserves.
You regenerate magic rapidly.
You have large cloven feet.
You are agile. (Dex +2)
You possess an exceptional clarity of mind.
You are robust. (+10% HP)


Message History

Something hits you.
* * * LOW MAGIC WARNING * * *;
* * * LOW HITPOINT WARNING * * *
The centaur warrior zombie hits you but does no damage.
Uskayaw will force your foes to helplessly watch your dance.
Uskayaw prepares the audience for your solo!
The centaur warrior zombie is no longer paralysed.
You closely miss something. You kick something.
Something hits you but does no damage.
The centaur warrior zombie hits you but does no damage.
Uskayaw prepares the audience for your solo!
The helpless centaur warrior zombie fails to defend itself.
You claw the centaur warrior zombie! You kick the centaur warrior zombie.
The centaur warrior zombie is almost destroyed.
The helpless centaur warrior zombie fails to defend itself.
You claw the centaur warrior zombie!
You destroy the centaur warrior zombie!
Your Translocations skill increases to level 1!
Something hits you!
* * * LOW MAGIC WARNING * * *
You die...

.....†.#...............,**,*
..##..##...............,,,,*
..#...##..............,*****
......##..............,*
......##..[......###**,*
......##.........# *,*
..#...##.....###{# *,*
..#...##.....# #{# *,*
..#...##.....# #@# *,*
..#...##.....# #.# *,*
..#..........# #.#****,*
.............* #....Z..#
.........,,,,* #.......#****
........,**,,* #........,,,*
........,**,,**#..####.#**,*
........,**,,,,...# *,# *,*
........,**,,,,...# *,* *,*


There were no monsters in sight!

Vanquished Creatures
  Gastronok (D:8)
  A hydra (D:8)
  A two-headed ogre (D:10)
  3 death yaks (D:9)
  A centaur zombie (D:10)
  The ghost of VierVonKreuz the Thaumaturge, a novice DEWz of Vehumet (D:6)
  A freezing wraith (D:10)
  A troll (D:9)
  2 dream sheep (D:8)
  2 hippogriffs (D:9)
  2 yaks (D:8)
  The ghost of polly the Slasher, an amateur DsGl (D:3)
  A water moccasin (D:9)
  2 sky beasts
  2 orc warriors
  An ice beast (D:6)
  A phantom (D:8)
  3 centaurs
  2 eyes of draining (D:3)
  7 ogres
  5 big kobolds
  7 bullfrogs
  5 killer bees
  A howler monkey (D:5)
  5 wights (D:7)
  2 crimson imps
  A bullfrog zombie (D:10)
  5 hounds
  2 quasits
  2 centaur skeletons
  A jelly (D:6)
  7 orc priests
  5 iguanas
  8 orc wizards
  A hell rat (D:9)
  13 worker ants
  A hound zombie (D:6)
  2 hound skeletons
  9 adders
  3 shadow imps
  2 adder skeletons
  4 worms
  3 dart slugs
  3 leopard geckos
  41 orcs
  3 giant cockroaches
  7 goblins
  7 hobgoblins
  8 jackals
  13 kobolds
  3 quokkas
  A ball python (D:6)
  6 bats
  6 frilled lizards
  2 gnoll zombies (D:6)
  2 quokka skeletons
  A quokka zombie (D:5)
  8 rats
241 creatures vanquished.

Vanquished Creatures (others)
  A human (D:5)
1 creature vanquished.

Grand Total: 242 creatures vanquished

Notes
Turn   | Place    | Note
-------+----------+-------------------------------------------
     0 | D:1      | DevlanMud the Demonspawn Monk began the quest for the Orb.
     0 | D:1      | Reached XP level 1. HP: 18/18 MP: 1/1
   419 | D:1      | Gained mutation: When hurt, damage is shared between your health and your magic reserves. [demonic ancestry]
   419 | D:1      | Reached XP level 2. HP: 24/24 MP: 2/2
   652 | D:1      | Reached skill level 1 in Armour
  1032 | D:1      | Gained mutation: You have sharp fingernails. [demonic ancestry]
  1032 | D:1      | Reached XP level 3. HP: 29/29 MP: 3/3
  1518 | D:2      | Found a shimmering altar of Xom.
  1541 | D:2      | Reached skill level 1 in Unarmed Combat
  2291 | D:3      | Found a sparkling altar of Nemelex Xobeh.
  2376 | D:3      | Reached skill level 2 in Unarmed Combat
  2376 | D:3      | Gained mutation: You have very sharp fingernails. [demonic ancestry]
  2376 | D:3      | Reached XP level 4. HP: 14/35 MP: 1/4
  2570 | D:3      | Noticed polly's ghost (amateur DsGl)
  2571 | D:3      | Gained mutation: You possess an exceptional clarity of mind. [potion of mutation]
  2571 | D:3      | Gained mutation: You have large cloven feet. [potion of mutation]
  2571 | D:3      | Gained mutation: You are robust. (+10% HP) [potion of mutation]
  2571 | D:3      | Gained mutation: You are agile. (Dex +2) [potion of mutation]
  2886 | D:3      | Found a blossoming altar of Fedhas.
  2889 | D:3      | Reached skill level 3 in Unarmed Combat
  2946 | D:3      | Gained mutation: You regenerate magic rapidly. [demonic ancestry]
  2946 | D:3      | Reached XP level 5. HP: 43/45 MP: 5/5
  3375 | D:3      | Killed polly's ghost
  3375 | D:3      | Reached skill level 4 in Unarmed Combat
  3375 | D:3      | Gained mutation: You are partially covered in icy blue scales. (AC +2) [demonic ancestry]
  3375 | D:3      | Reached XP level 6. HP: 22/51 MP: 0/6
  3523 | D:3      | Found a bloodstained altar of Trog.
  3533 | D:3      | Reached skill level 5 in Unarmed Combat
  3713 | D:4      | Reached skill level 6 in Unarmed Combat
  3724 | D:4      | Reached XP level 7. HP: 57/57 MP: 5/7
  3741 | D:4      | Found a hazy altar of Hepliaklqana.
  4051 | D:4      | Reached skill level 1 in Evocations
  4784 | D:5      | Entered Level 5 of the Dungeon
  4912 | D:5      | Found an ancient bone altar of Kikubaaqudgha.
  4984 | D:5      | Noticed a human
  4991 | D:5      | Reached skill level 7 in Unarmed Combat
  4994 | D:5      | Killed a human
  5101 | D:5      | Learned a level 3 spell: Regeneration
  5523 | D:5      | Reached skill level 1 in Spellcasting
  5523 | D:5      | Reached XP level 8. HP: 63/63 MP: 9/9
  5811 | D:5      | Found a radiant altar of Vehumet.
  5974 | D:6      | Noticed VierVonKreuz's ghost (novice DEWz)
  6281 | D:6      | Reached skill level 1 in Necromancy
  6680 | D:6      | Reached skill level 8 in Unarmed Combat
  7132 | D:6      | Killed VierVonKreuz's ghost
  7132 | D:6      | Reached skill level 1 in Charms
  7132 | D:6      | Reached XP level 9. HP: 67/71 MP: 10/10
  7430 | D:6      | Found a basalt altar of Yredelemnul.
  7909 | D:7      | Found a white marble altar of Elyvilon.
  8032 | D:7      | Found an ancient bone altar of Kikubaaqudgha.
  8045 | D:7      | Reached skill level 9 in Unarmed Combat
  8112 | D:7      | Found a staircase to the Ecumenical Temple.
  8129 | Temple   | Entered the Ecumenical Temple
  8357 | Temple   | Became a worshipper of Uskayaw the Reveler
  8357 | Temple   | Reached * piety under Uskayaw
  8478 | D:7      | Reached ** piety under Uskayaw
  8481 | D:7      | Reached *** piety under Uskayaw
  8482 | D:7      | Reached **** piety under Uskayaw
  8490 | D:7      | Reached skill level 1 in Invocations
  8491 | D:7      | Reached ***** piety under Uskayaw
  9058 | D:7      | HP: 3/72 [something (3)]
  9600 | D:8      | Reached skill level 5 in Spellcasting
  9600 | D:8      | Reached skill level 5 in Charms
  9600 | D:8      | Reached XP level 10. HP: 80/80 MP: 10/18
  9650 | D:8      | Noticed Gastronok
  9671 | D:8      | Killed Gastronok
  9671 | D:8      | Reached skill level 5 in Fighting
  9671 | D:8      | Reached XP level 11. HP: 69/88 MP: 15/19
  9751 | D:8      | Found a deep blue altar of Sif Muna.
 10033 | D:8      | Reached skill level 5 in Dodging
 10060 | D:8      | Noticed a two-headed hydra
 10067 | D:8      | Killed a one-headed hydra
 10067 | D:8      | Reached skill level 10 in Unarmed Combat
 10645 | D:9      | Noticed a death yak
 10648 | D:9      | Noticed a death yak
 10649 | D:9      | Noticed a death yak
 10658 | D:9      | Killed a death yak
 10658 | D:9      | Reached skill level 5 in Invocations
 10663 | D:9      | Killed a death yak
 10665 | D:9      | Found a staircase to the Lair.
 10872 | D:9      | Killed a death yak
 11374 | D:9      | Learned a level 2 spell: Swiftness
 11590 | D:9      | Reached skill level 5 in Armour
 11728 | D:10     | Entered Level 10 of the Dungeon
 11838 | D:10     | Learned a level 2 spell: Blink
 11893 | D:10     | Noticed a two-headed ogre
 11906 | D:10     | Killed a two-headed ogre
 12180 | D:10     | HP: 3/91 [something (4)]
 12181 | D:10     | HP: 1/91 [bullfrog zombie (2)]
 12193 | D:10     | HP: 3/91 [something (3)]
 12197 | D:10     | Reached skill level 1 in Translocations
 12198 | D:10     | Slain by an unseen horror

Vault maps used:
D:1:      dpeg_arrival_shrine
D:2:      nicolae_overflow_crystal_walls
D:3:      old_standard_altar, trog_eyes_of_draining, lemuel_round_altar,
          kennysheep_generic_room_13
D:4:      lemuel_crystal_altar, first_bread
D:5:      kennysheep_little_box, tgw_kikubaaqudgha
D:6:      lemuel_zombie_altar_yredelemnul
D:7:      overflow_temple_1_default, old_standard_altar, temple_hall
D:8:      lemuel_blue_sif_altar, hangedman_ranch, uniq_gastronok
D:9:      dpeg_lair_monsters
D:10:     orc_0_dummy, st_stairs_5, minmay_beelzebubs_servants
Temple:   minmay_temple_curvy_loop

Skill      XL: |  1  2  3  4  5  6  7  8  9 10 11 |
---------------+----------------------------------+-----
Maces & Flails | 3 |  3.4
Armour         | 1 2 4 5 |  5.3
Unarmed Combat | 2 3 4 6 7 8 9 10 | 10.5
Evocations     | 2 |  2.1
Spellcasting   | 1 5 |  5.6
Necromancy     | 1 6 |  6.7
Dodging        | 3 4 6 |  6.1
Fighting       | 4 5 6 |  6.6
Charms         | 1 5 |  5.7
Invocations    | 2 3 6 |  6.2
Translocations | 1 |  1.0
Stealth        | |  1.7

Action                   |  1- 3 |  4- 6 |  7- 9 | 10-12 || total
-------------------------+-------+-------+-------+-------++-------
Melee: Mace              |    70 |       |       |       ||    70
       Unarmed           |    92 |   115 |   371 |   273 ||   851
       Kick              |       |    25 |   151 |   106 ||   282
       Punch             |       |     1 |    15 |    16 ||    32
       Hand axe          |       |       |       |     2 ||     2
Evoke: Wand              |       |     9 |     7 |     4 ||    20
  Use: Scroll            |     3 |     1 |     4 |     3 ||    11
       Potion            |     2 |     4 |     6 |     7 ||    19
 Stab: Sleeping          |     1 |       |     2 |       ||     3
       Paralysed         |       |     2 |     1 |    21 ||    24
       Confused          |       |     2 |       |       ||     2
       Distracted        |       |       |     1 |       ||     1
  Eat: Chunk             |     5 |     4 |    16 |     5 ||    30
       Royal jelly       |       |       |     1 |     4 ||     5
Armor: Robe              |     7 |       |       |       ||     7
       Ring mail         |    45 |    51 |   141 |    91 ||   328
Dodge: Dodged            |    94 |    70 |   218 |   171 ||   553
